Map: King Sejong Station LE

Players

LiquidTLO (TLO)

  • Race: Zerg Zerg
  • League: Grandmaster

Strange - Winner!

  • Race: Protoss Protoss
  • League: Grandmaster

VOD

Have the link to the VOD?

Description

Time

  • Played on: July 4, 2016, 1:34 p.m.
  • Length: 10:48
Show
View Real Time Build Order
Export as new Build Order

LiquidTLO Zerg 

Build Orders: Hatch First 

Get SALT Encoding   

  12  0:01  Drone  
  13  0:12  Overlord  
  13  0:18  Drone  
  14  0:31  Drone x2  
  16  0:48  Hatchery  
  15  0:52  Drone  
  15  0:56  Drone  
  17  0:59  Drone  
  17  1:03  Extractor  
  17  1:15  Spawning Pool  
  16  1:19  Drone  
  16  1:21  Drone  
  18  1:28  Drone  
  19  1:38  Overlord  
  19  2:02  Metabolic Boost, Zergling x2, Queen x2  
  19  2:06  Drone  
  25  2:11  Drone  
  25  2:15  Drone  
  27  2:16  Drone  
  28  2:24  Drone x2  
  30  2:35  Drone  
  31  2:42  Hatchery  
  31  2:44  Zergling x2  
  31  2:45  Zergling x2  
  31  2:48  Zergling x2  
  33  2:53  Evolution Chamber  
  33  2:56  Overlord  
  32  2:59  Drone  
  32  3:05  Drone  
  34  3:09  Drone  
  35  3:13  Overlord  
  35  3:15  Drone x2  
  35  3:19  Drone  
  38  3:22  Zerg Melee Weapons Level 1  
  38  3:24  Drone  
  39  3:27  Drone  
  39  3:29  Drone  
  39  3:31  Drone  
  42  3:36  Drone  
  42  3:39  Drone  
  44  3:41  Queen  
  44  3:43  Drone  
  47  3:53  Drone  
  47  3:54  Extractor  
  47  3:56  Drone  
  47  3:58  Overlord, Zergling x2  
  48  4:03  Queen  
  48  4:07  Roach Warren, Burrow  
  48  4:09  Drone  
  50  4:14  Zergling x2  
  50  4:15  Drone  
  52  4:18  Drone  
  52  4:20  Extractor  
  52  4:24  Drone x3  
  52  4:25  Drone  
  52  4:28  Overlord  
  56  4:50  Roach x9  
  74  4:56  Overlord  
  74  4:57  Overlord  
  74  4:59  Overlord  
  74  5:03  Overlord  
  72  5:07  Overlord  
  72  5:10  Drone x4  
  72  5:11  Drone x14  
  72  5:14  Lair  
  72  5:16  Drone  
  72  5:17  Extractor  
  70  5:23  Drone  
  70  5:26  Drone  
  70  5:28  Drone x2  
  74  5:30  Spore Crawler, Drone  
  74  5:31  Drone  
  74  5:34  Drone  
  74  5:36  Drone  
  74  5:41  Zergling x2  
  75  5:43  Zergling x2  
  75  5:44  Drone  
  75  5:45  Drone x2  
  75  5:46  Drone  
  75  5:47  Drone x2  
  82  5:50  Drone  
  82  5:51  Drone  
  82  5:52  Drone  
  82  5:53  Drone  
  82  5:55  Drone  
  88  5:57  Drone x2  
  89  6:04  Drone x2  
  89  6:05  Drone  
  89  6:08  Drone  
  89  6:10  Ravager x3  
  96  6:13  Glial Reconstitution  
  96  6:18  Spire, Roach, Extractor  
  97  6:19  Extractor  
  97  6:22  Roach  
  97  6:23  Roach  
  96  6:25  Drone  
  96  6:26  Queen x3  
  96  6:28  Drone  
  96  6:29  Drone x3  
  96  6:31  Drone  
  94  6:33  Drone  
  94  6:36  Drone x2  
  94  6:37  Drone  
  94  6:38  Drone  
  98  6:42  Drone  
  98  6:45  Drone x2  
  100  6:47  Drone  
  100  6:48  Overseer  
  100  6:51  Queen, Drone  
  100  6:53  Drone x13  
  101  6:55  Drone  
  101  6:56  Drone  
  101  6:59  Drone  
  101  7:01  Drone x2  
  104  7:03  Roach  
  104  7:06  Overseer  
  106  7:14  Pneumatized Carapace  
  105  7:18  Drone x24  
  105  7:19  Overlord  
  105  7:22  Overlord  
  105  7:23  Overlord  
  105  7:26  Roach  
  101  7:31  Roach  
  101  7:32  Overlord  
  97  7:39  Zerg Flyer Weapons Level 1  
  97  7:41  Mutalisk x2  
  101  7:44  Mutalisk  
  101  7:47  Mutalisk  
  101  7:51  Mutalisk  
  105  7:55  Drone  
  105  7:56  Mutalisk  
  110  8:00  Roach  
  110  8:02  Roach x2  
  110  8:04  Drone  
  117  8:06  Drone  
  118  8:12  Overlord  
  118  8:14  Roach x3  
  118  8:15  Roach  
  126  8:20  Roach  
  126  8:23  Overlord  
  126  8:26  Overlord, Spore Crawler  
  127  8:30  Ravager  
  127  8:31  Ravager x3  
  127  8:32  Roach x2  
  127  8:34  Roach  
  137  8:36  Roach  
  137  8:41  Ravager  
  140  8:43  Roach x3  
  144  8:49  Roach  
  144  8:50  Roach x2  
  144  8:54  Roach  
  144  8:55  Roach x2  
  154  8:59  Roach  
  154  9:00  Roach  
  144  9:03  Roach  
  144  9:04  Roach x2  
  144  9:06  Roach  
  144  9:07  Roach  
  144  9:09  Roach  
  140  9:12  Overseer x2  
  140  9:15  Roach x2  
  138  9:17  Roach  
  138  9:20  Roach  
  138  9:23  Roach x2  
  139  9:25  Roach  
  139  9:28  Roach  
  139  9:30  Roach  
  131  9:31  Roach  
  131  9:33  Roach  
  131  9:36  Roach  
  131  9:37  Roach  
  122  9:40  Roach  
  122  9:41  Zergling x2  
  122  9:42  Zergling x2  
  122  9:43  Zergling x2  
  122  9:45  Zergling x2  
  118  9:46  Roach  
  118  9:48  Roach  
  118  9:50  Ravager x3  
  123  9:53  Roach  
  123  9:54  Roach  
  123  9:56  Zergling x2  
  123  9:57  Zergling x2  
  123  9:58  Zergling x2  
  127  10:00  Roach  
  127  10:01  Zergling x2  
  127  10:02  Zergling x2  
  131  10:07  Overseer  
  131  10:18  Overlord  
  131  10:25  Roach  
  125  10:28  Roach x2  
  125  10:29  Roach  
Show
View Real Time Build Order
Export as new Build Order

Strange Protoss - Winner!

Build Orders: 1 Gate Expand 

Get SALT Encoding   

  12  0:01  Probe (Chrono Boost)  
  13  0:11  Probe (Chrono Boost)  
  14  0:20  Pylon  
  14  0:22  Probe (Chrono Boost)  
  15  0:38  Probe (Chrono Boost)  
  15  0:39  Gateway  
  16  0:49  Probe (Chrono Boost)  
  17  0:51  Assimilator  
  17  0:59  Probe (Chrono Boost)  
  18  1:10  Probe (Chrono Boost)  
  19  1:20  Nexus  
  19  1:30  Cybernetics Core  
  19  1:33  Probe (Chrono Boost)  
  20  1:40  Assimilator  
  20  1:43  Probe (Chrono Boost)  
  21  1:49  Pylon  
  22  1:54  Probe (Chrono Boost)  
  22  2:04  Probe (Chrono Boost)  
  22  2:06  Warp Gate  
  22  2:08  Adept (Chrono Boost)  
  25  2:16  Probe  
  26  2:28  Probe (Chrono Boost)  
  27  2:32  Adept (Chrono Boost)  
  27  2:33  Probe (Chrono Boost)  
  30  2:39  Probe (Chrono Boost)  
  30  2:40  Twilight Council  
  31  2:44  Probe (Chrono Boost)  
  31  2:47  Pylon  
  31  2:50  Probe (Chrono Boost)  
  33  2:55  Probe (Chrono Boost)  
  34  3:01  Probe (Chrono Boost)  
  36  3:05  Probe (Chrono Boost)  
  36  3:10  Robotics Facility, Resonating Glaives (Chrono Boost)  
  36  3:20  Gateway  
  36  3:26  Gateway  
  36  3:32  Pylon, Mothership Core  
  36  3:41  Gateway  
  38  3:54  Pylon  
  38  4:02  Warp Prism (Chrono Boost)  
  37  4:06  Probe x2  
  41  4:15  Adept x2  
  45  4:18  Probe x2  
  45  4:21  Pylon  
  47  4:25  Adept  
  47  4:30  Probe x2  
  51  4:39  Stalker  
  51  4:42  Adept, Probe  
  51  4:43  Probe  
  57  4:46  Pylon  
  57  4:54  Probe  
  57  4:55  Observer (Chrono Boost), Probe  
  60  5:02  Adept  
  60  5:03  Adept x2  
  60  5:06  Probe  
  67  5:07  Probe  
  67  5:12  Dark Shrine  
  68  5:18  Probe  
  68  5:19  Probe  
  70  5:28  Immortal (Chrono Boost)  
  72  5:30  Probe  
  73  5:49  Probe x2  
  73  5:50  Assimilator x2  
  73  5:54  Adept x2  
  73  5:55  Adept  
  79  5:57  Nexus  
  79  6:00  Pylon  
  79  6:01  Probe  
  79  6:02  Pylon  
  84  6:05  Immortal (Chrono Boost)  
  84  6:09  Pylon, Probe  
  85  6:18  Probe  
  86  6:32  Probe  
  83  6:33  Probe  
  83  6:39  Dark Templar x3, Immortal (Chrono Boost)  
  87  6:44  Probe  
  87  6:45  Probe  
  87  6:56  Probe  
  87  6:58  Probe  
  89  7:08  Assimilator, Probe  
  90  7:10  Probe  
  90  7:12  Pylon  
  90  7:13  Stargate x2, Assimilator  
  91  7:24  Probe  
  90  7:33  Stalker x3  
  92  7:40  Forge  
  92  7:42  Pylon  
  92  7:43  Pylon  
  92  7:44  Pylon  
  92  7:45  Probe  
  92  7:46  Pylon, Probe x2  
  95  7:57  Phoenix (Chrono Boost), Probe  
  95  7:58  Probe, Phoenix (Chrono Boost)  
  100  7:59  Probe  
  100  8:00  Sentry  
  100  8:01  Sentry, Stalker  
  108  8:09  Probe  
  108  8:10  Probe  
  110  8:17  Protoss Ground Weapons Level 1 (Chrono Boost)  
  110  8:18  Photon Cannon  
  110  8:19  Phoenix  
  110  8:20  Photon Cannon  
  110  8:22  Phoenix  
  110  8:24  Adept x3  
  110  8:26  Gateway  
  118  8:28  Gateway  
  118  8:30  Gateway  
  118  8:35  Pylon  
  118  8:38  Immortal  
  120  8:47  Adept x3  
  122  9:07  Adept x3  
  122  9:09  Phoenix  
  120  9:12  Phoenix  
  103  9:33  Adept x3  
  103  9:37  Immortal  
  111  9:42  Phoenix  
  103  9:45  Phoenix  
  107  9:53  Gateway  
  107  9:56  Gateway  
  107  9:57  Gateway  
  107  10:00  Adept x5  
  117  10:13  Templar Archives  
  117  10:17  Mothership Core  
  123  10:22  Sentry x2  
  123  10:26  Zealot x3  
  123  10:27  Nexus  
  133  10:29  Pylon  
  133  10:31  Assimilator  
  133  10:34  Assimilator  
Tags
 
Add a new tag
Caveats
  • Supply blocks, unpowered buildings, or Contaminate may cause inaccurate times.
  • Supply counts are checked every 10 seconds.